AoeStats
← HSL | Tisy16

Pilgrims

509856809Analyzed
2v2 RM · 3d ago on Sep 28, 2026· 25m 57s· 4 players
Game mode
Random Map
Map size
Medium (4 player)
Population
200
Speed
Normal
Resources
Standard
Victory
Conquest
Starting age
Dark Age
Ending age
Imperial Age
RankedLock teamsTeams togetherTeam positionsShared explorationLock speedFull tech treeHidden civsTurbo modeCheats
Victory
Defeat
🇮🇹 Byzantines · Italy
1300
+14
🇫🇷 Vikings · France
1215
+19
🇹🇼 Huns · Taiwan
1275
-17
🇦🇺 Varangians · Australia
1246
-16
HSL | Tisy16
3:24 Loom
12:27 Feudal Age
13:16 Double-Bit Axe
21:37 Castle Age
21:34 Stone Mining
21:35 Fishing Lines
23:32 Stone Shaft Mining
26:17 Imperial Age
24:47 Scale Barding Armor
24:53 Forging
24:44 Gillnets
25:14 Medium Warships
25:40 Siphons
25:57 Chain Barding Armor
26:13 Scale Mail Armor
Hamidouche
4:22 Loom
10:01 Feudal Age
10:58 Double-Bit Axe
14:03 Fletching
21:16 Castle Age
19:59 Padded Archer Armor
22:06 Crossbowman
25:19 Medium Warships
25:11 Town Watch
25:44 Bow Saw
慢工出細活
6:23 Loom
10:52 Feudal Age
15:12 Forging
15:46 Scale Barding Armor
22:43 Castle Age
21:09 Horse Collar
23:39 Medium Warships
24:07 Iron Casting
23:05 Light Cavalry
24:06 Double-Bit Axe
spartacusspud
9:03 Loom
12:27 Feudal Age
17:22 Castle Age
17:07 Scale Barding Armor
17:12 Forging
17:18 Forging
17:37 Horse Collar
18:18 Double-Bit Axe
20:44 Fletching
21:30 Iron Casting
Connection lost

Rejoining the realm…

Still unreachable

The connection could not be restored.

Session expired

The server has moved on; the page needs a fresh start.